 Dungeon Crawl Stone Soup version 0.22-a0-445-g8c8ef71 (webtiles) character file.

308 Gorglomux the Shield-Bearer (level 6, -5/57 HPs)
             Began as a Deep Dwarf Fighter on June 2, 2018.
             Slain by an ogre
             ... wielding a +0 giant spiked club
              (6 damage)
             ... on level 4 of the Dungeon.
             The game lasted 00:01:03 (830 turns).

Gorglomux the Shield-Bearer (Deep Dwarf Fighter)     Turns: 830, Time: 00:01:04

Health: -5/57      AC:  9    Str: 21    XL:     6   Next: 16%
Magic:  6/6        EV:  5    Int:  9    God:
Gold:   50         SH: 10    Dex: 12    Spells: 5/5 levels left

rFire    . . .     SeeInvis .   a - +0 war axe
rCold    . . .     Gourm    .   c - +0 shield
rNeg     . . .     Faith    .   H - +0 chain mail
rPois    .         Spirit   .   (no helmet)
rElec    .         Reflect  .   (no cloak)
rCorr    .         Harm     .   (no gloves)
MR       .....                  (no boots)
Stlth    ..........             (no amulet)
HPRegen  0.00/turn              (no ring)
MPRegen  0.10/turn              (no ring)

@: non-regenerating
A: damage resistance, heal wounds, sense surroundings 1, no regeneration
a: Heal Wounds


You were on level 4 of the Dungeon.
You were not hungry.

You visited 1 branch of the dungeon, and saw 4 of its levels.

You collected 50 gold pieces.

Inventory:

Hand Weapons
 a - a +0 war axe (weapon)
Armour
 c - a +0 shield (worn)
 H - a +0 chain mail (worn)
Wands
 A - a wand of acid (8)
Scrolls
 g - a scroll of fear {unknown}
 i - a scroll of teleportation {unknown}
 B - 3 scrolls of identify {unknown}
 E - a scroll of enchant weapon {unknown}
 J - a scroll of fog {unknown}
Potions
 d - a potion of might
 j - a potion of heal wounds {unknown}
 C - a potion of magic {unknown}
 D - a potion of flight {unknown}
 F - 2 potions of curing {unknown}
 G - a potion of lignification {unknown}
 I - a potion of mutation {unknown}
Comestibles
 f - 9 rations
 h - 2 chunks of flesh


   Skills:
 + Level 3.9 Fighting
 + Level 4.0 Axes
 + Level 4.7 Armour
 + Level 4.8 Shields


You had 5 spell levels left.
You didn't know any spells.
Your spell library was empty.

Dungeon Overview and Level Annotations

Branches:
Dungeon (4/15)
 Temple: D:4-7

Altars:
Ashenzari

Annotations:
D:2 1 runed door


Innate Abilities, Weirdness & Mutations

You are resistant to damage.
You can heal yourself by infusing magical energy.
You passively map a small area around you.
You do not regenerate.


Message History

The ogre hits you with a giant spiked club!
Something hits you but does no damage!
Unknown command!
You fail to use your ability!
The butt hits you with a giant butt club!!! * * * don't die
* * * Something hits you but does no damage!
You dice the ogre like an onion!!!
The ogre is almost dead!
You barely miss something! Something hits you but does no damage!
The ogre hits you with a giant spiked club!!! * * * don't die
* * * Something hits you butt does no damage!
You are too injured to fight recklessly!!!
Unknown command!
You dice the ogre but do butt damage!
The ogre is almost dead!
Your shield and chain mail prevent you from hitting something!
The ogre hits you with a giant spiked club!!! rip

, * , ...#.# , ,*
#..#.# * ,, ,
*..#.#######. , ,
##........... *
,..........
#.#.#... * *
#.#.#.####§§§ ,
#@).?<...§P§P * *
#.....{O#########§#
, .......oo, *,
........## ** * * *
*, #.#.#.... ,* *
........., ,,, *
......... , ,
.)#.#....., , , * *
* , , ,


You could see an ogre and 2 orc wizards.

Vanquished Creatures
  The ghost of Paulus the Chiller, an amateur OpIE (D:3)
  A hound (D:4)
  2 orc wizards
  An orc priest (D:4)
  Jessica (D:3)
  5 adders
  An ooze (D:1)
  4 worms (D:2)
  A dart slug (D:1)
  A leopard gecko (D:3)
  2 orcs (D:3)
  3 bats
  2 giant cockroaches
  2 goblins
  3 hobgoblins
  5 frilled lizards
  3 kobolds
  2 rats
40 creatures vanquished.

Notes
Turn   | Place    | Note
-------+----------+-------------------------------------------
     0 | D:1      | Gorglomux the Deep Dwarf Fighter began the quest for the Orb.
     0 | D:1      | Reached XP level 1. HP: 20/20 MP: 1/1
    50 | D:1      | Reached XP level 2. HP: 25/27 MP: 2/2
   130 | D:2      | Reached skill level 3 in Fighting
   140 | D:2      | Reached XP level 3. HP: 21/34 MP: 3/3
   256 | D:2      | Found a runed door.
   372 | D:2      | Reached skill level 3 in Axes
   387 | D:2      | Reached XP level 4. HP: 26/42 MP: 4/4
   474 | D:3      | Found a shattered altar of Ashenzari.
   527 | D:3      | Noticed Jessica
   538 | D:3      | Killed Jessica
   594 | D:3      | Noticed Paulus's ghost (amateur OpIE)
   606 | D:3      | Killed Paulus's ghost
   606 | D:3      | Reached XP level 5. HP: 37/49 MP: 5/5
   818 | D:4      | Noticed an ogre
   824 | D:4      | Reached XP level 6. HP: 50/57 MP: 6/6
   829 | D:4      | HP: 1/57 [ogre/giant spiked club (10)]
   830 | D:4      | Slain by an ogre

Vault maps used:
D:1:      sevenhm_arrival_forest_fort_small_4
D:2:      uniq_natasha, uniq_crazy_yiuf_cottage
D:3:      ashenzari_altar_1, uniq_jessica
D:4:      lemuel_doored_altar, minmay_temple_entry_butterflies, serial_undead,
          serial_undead_b, serial_undead_d, serial_undead_a, serial_undead_b,
          first_ration

Skill      XL: |  1  2  3  4  5  6 |
---------------+-------------------+-----
Fighting       | 3 |  3.9
Axes           | 3 4 |  4.0
Shields        | 4 |  4.8
Armour         | 4 |  4.7

Action                   |  1- 3 |  4- 6 || total
-------------------------+-------+-------++-------
Melee: War axe           |    68 |    80 ||   148
 Abil: Heal Wounds       |       |     2 ||     2
Armor: Scale mail        |    41 |    15 ||    56
       Chain mail        |       |    37 ||    37
Dodge: Dodged            |    37 |    22 ||    59
Block: Shield            |    34 |    35 ||    69

Table legend:
 A = Spawn XP
 B = Non-spawn XP
 C = Spawn XP percentage of total XP
 D = Spawn monster count
 E = Non-spawn monster count
 F = Spawn count percentage of total count
 G = Total turns spent on level
                    A         B        C        D         E        F      G
               +---------+---------+-------+---------+---------+-------+---------
         Total |       0 |     440 |   0.0 |       0 |      40 |   0.0 |   830
               +---------+---------+-------+---------+---------+-------+---------
           D:1 |       0 |      18 |   0.0 |       0 |       7 |   0.0 |    93
           D:2 |       0 |      87 |   0.0 |       0 |      17 |   0.0 |   337
           D:3 |       0 |     213 |   0.0 |       0 |      13 |   0.0 |   381
           D:4 |       0 |     122 |   0.0 |       0 |       3 |   0.0 |    19
               +---------+---------+-------+---------+---------+-------+---------
